 Dungeon Crawl Stone Soup version 0.27-a0-695-gb4952372f7 (webtiles) character file.

Game seed: 15081572776490775388

25685 DarkShadow the Severer (level 12, -8/108 HPs)
             Began as a Minotaur Fighter on Mar 22, 2021.
             Mangled by Agnes
             ... wielding a +0 lajatang of speed
              (10 damage)
             ... on level 14 of the Dungeon.
             The game lasted 01:26:12 (23917 turns).

DarkShadow the Severer (Minotaur Fighter)          Turns: 23917, Time: 01:26:12

Health: -8/108     AC: 17    Str: 24    XL:     12   Next: 91%
Magic:  11/11      EV: 19    Int:  5    God:
Gold:   1445       SH: 15    Dex: 16    Spells: 11/11 levels left

rFire    . . .     SeeInvis .   a - +2 war axe
rCold    . . .     Faith    .   c - +0 kite shield
rNeg     . . .     Spirit   .   p - +4 ring mail
rPois    +         Reflect  .   (helmet restricted)
rElec    .         Harm     .   H - +2 cloak
rCorr    .         Rampage  .   y - +0 pair of gloves
Will     .....                  l - +0 pair of boots
Stlth    ++........             C - amulet of Doubts {Acrobat Slay+2}
HPRegen  0.28/turn              q - +4 ring of evasion
MPRegen  0.12/turn              u - +4 ring of slaying

@: marked, invisible
A: horns 2, retaliatory headbutt, agile 1, poison resistance, strong 1
a: no special abilities


You were on level 14 of the Dungeon.
You visited 2 branches of the dungeon, and saw 15 of its levels.

You collected 1445 gold pieces.

Inventory:

Hand Weapons
 a - a +2 war axe (weapon)
 A - a +0 morningstar of protection
 E - a +4 battleaxe
 F - a +4 great sword
 I - a +1 war axe
Armour
 b - a +0 scale mail
 c - a +0 kite shield (worn)
 h - +0 steam dragon scales
 l - a +0 pair of boots (worn)
 m - the +3 ring mail of Good Intentions {Int+3}
   (You found it on level 5 of the Dungeon)

   It affects your intelligence (+3).
 p - a +4 ring mail (worn)
 y - a +0 pair of gloves (worn)
 H - a +2 cloak (worn)
Jewellery
 i - an amulet of guardian spirit
 q - a +4 ring of evasion (right hand)
 u - a +4 ring of slaying (left hand)
 v - a ring of positive energy
 w - a +6 ring of intelligence
 C - the amulet of Doubts (around neck) {Acrobat Slay+2}
   (You found it on level 8 of the Dungeon)

   [amulet of the acrobat]

   It helps you evade while moving and waiting.
   It affects your accuracy and damage with ranged weapons and melee attacks
   (+2).
Wands
 j - a wand of flame (27)
 r - a wand of acid (7)
 G - a wand of iceblast (16)
 L - a wand of charming (6)
Scrolls
 o - a scroll of fog
 s - 4 scrolls of teleportation
Potions
 d - a potion of might
 e - a potion of invisibility
 f - a potion of attraction
 g - a potion of curing
 k - 4 potions of brilliance
 n - a potion of lignification
 t - 2 potions of flight
 x - 3 potions of magic
 z - 2 potions of haste


   Skills:
 + Level 10.7 Fighting
 + Level 15.6 Axes
 + Level 9.4 Armour
 + Level 7.9 Dodging
 + Level 3.4 Stealth
 + Level 15.6 Shields


You had 11 spell levels left.
You didn't know any spells.
Your spell library contained the following spells:

 Spells                   Type           Power      Damage    Failure   Level
 Animate Skeleton         Necr           0%         N/A       58%         1
 Apportation              Tloc           0%         N/A       58%         1
 Corona                   Hex            0%         N/A       58%         1
 Magic Dart               Conj           0%         1d3       58%         1
 Shock                    Conj/Air       0%         1d3       58%         1
 Summon Small Mammal      Summ           0%         N/A       58%         1
 Call Imp                 Summ           0%         N/A       75%         2
 Searing Ray              Conj           0%         3d3       75%         2
 Slow                     Hex            0%         N/A       75%         2
 Swiftness                Air            0%         N/A       75%         2
 Call Canine Familiar     Summ           0%         N/A       92%         3
 Dazzling Flash           Conj/Hex       0%         N/A       92%         3
 Inner Flame              Hex/Fire       0%         N/A       92%         3
 Portal Projectile        Hex/Tloc       0%         N/A       92%         3
 Static Discharge         Conj/Air       0%         N/A       92%         3
 Summon Guardian Golem    Hex/Summ       0%         N/A       92%         3
 Airstrike                Air            0%         N/A       100%        4
 Cause Fear               Hex            0%         N/A       100%        4
 Fulminant Prism          Conj/Hex       0%         3d6       100%        4
 Iskenderun's Mystic Bla  Conj/Tloc      0%         2d3       100%        4
 Leda's Liquefaction      Hex/Erth       0%         N/A       100%        4
 Summon Ice Beast         Ice/Summ       0%         N/A       100%        4
 Summon Lightning Spire   Summ/Air       0%         N/A       100%        4
 Lightning Bolt           Conj/Air       0%         1d11      100%        5


Dungeon Overview and Level Annotations

Branches:
Dungeon (12/15)            Temple (0/1) D:6            Lair (0/6) D:9
    Orc (2/2) D:11            Elf (0/3) Orc:2

Altars:
Ashenzari
Cheibriados
Dithmenos
Elyvilon
Fedhas
Makhleb
Qazlal
Ru
Uskayaw
Yredelemnul
Beogh

Shops:
D:10 [   D:14 (   Orc:2 =*[(

Portals:
Abyss: D:4

Annotations:
D:2 exclusion: oklob plant
D:4 2 transporters, stripedtigrrr's ghost, weakling GnWn
D:14 Agnes


Innate Abilities, Weirdness & Mutations

You have a pair of horns on your head.
You reflexively headbutt those who attack you in melee.
You are agile. (Dex +2)
Your system is resistant to poisons. (rPois)
Your muscles are strong. (Str +2)


Message History

You slice the cyclops!! You headbutt the cyclops.
You kill the cyclops!
A yak comes into view.
You see here 3 large rocks.
Agnes the Wanderer comes into view.
She is wielding a +0 lajatang of speed.
You see here a potion of curing.
A yak comes into view.
A yak comes into view. x2
Agnes hits you with a +0 lajatang of speed!
Agnes completely misses you.
You completely miss Agnes. Your headbutt misses Agnes.
You block Agnes's attack. x2
You closely miss Agnes. You headbutt Agnes!
Agnes is lightly wounded.
You hit the yak. You block Agnes's attack. x2
You miss Agnes. Your headbutt misses Agnes.
Agnes is lightly wounded.
You hit the yak. Agnes barely misses you. The yak barely misses you.
Agnes misses you.
You slice Agnes!!
Agnes is moderately wounded.
You barely miss the yak. Agnes completely misses you. You furiously retaliate!
You headbutt Agnes! You block Agnes's attack.
You slash Agnes! You headbutt Agnes, but do no damage.
Agnes is heavily wounded.
You slash the yak!
Agnes hits you with a +0 lajatang of speed!! x2
* * * LOW HITPOINT WARNING * * *
You hit Agnes. You headbutt Agnes!
Agnes is heavily wounded.
You slash the yak! x2
Agnes hits you with a +0 lajatang of speed!!
* * * LOW HITPOINT WARNING * * *
Agnes barely misses you. The yak misses you. The yak completely misses you.
You furiously retaliate!
You headbutt the yak.
Okay, then.
You fade into invisibility!
You block Agnes's attack. x2
Agnes hits you with a +0 lajatang of speed!
You die...

. ..#### ## ......###
.. ..?.....##########.#
#.....#.#...YY(....#
.......)...)YY@i...#
#.⌠.⌠.#.#.########....#
........#.# ..##
#.....#.#.# ....
..._....#.# #..# #...{
#.#.# #.# ##..# .....
..#.# #.###...# .⌠.
#.#.# #.##....# #.#
#.##.^..#


You could see Agnes and 4 yaks.

Vanquished Creatures
  An orc warlord (Orc:1)
  Josephine (D:10)
  4 two-headed ogres
  3 orc high priests (Orc:2)
  An unseen horror (D:14)
  Pikel (D:5)
  4 orc knights
  5 orc sorcerers
  A cyclops (D:14)
  4 ugly things (D:14)
  A komodo dragon (D:9)
  A troll (Orc:1)
  A hornet (D:9)
  A meliai zombie (D:14)
  6 wraiths
  A wyvern (D:10)
  16 yaks
  Eustachio (D:4)
  3 steam dragons
  Menkaure (D:5)
  4 water moccasins
  2 ice beasts (D:9)
  2 black bears (D:10)
  31 orc warriors
  4 centaurs
  7 ogres
  A phantom (D:8)
  A kobold brigand (D:8)
  5 bullfrogs
  Blork the orc (D:5)
  4 scorpions
  12 killer bees
  17 wights
  4 howler monkeys
  A bullfrog zombie (D:11)
  3 jellies
  A quasit (D:8)
  5 hounds
  A bullfrog skeleton (D:12)
  17 orc priests
  A centaur skeleton (D:4)
  3 iguanas
  22 orc wizards
  5 worker ants
  2 hound zombies
  A howler monkey skeleton (D:10)
  11 gnolls
  19 adders
  2 shadow imps
  An ufetubus (D:10)
  An ooze (D:5)
  An adder zombie (D:8)
  2 adder skeletons
  3 worms
  2 dart slugs (D:3)
  3 leopard geckos
  64 orcs
  8 giant cockroaches
  8 goblins
  13 hobgoblins
  9 jackals
  7 quokkas
  2 ball pythons (D:2)
  A ball python skeleton (D:4)
  5 bats
  3 frilled lizards
  A jackal skeleton (D:6)
  10 kobolds
  A leopard gecko skeleton (D:5)
  9 rats
400 creatures vanquished.

Vanquished Creatures (collateral kills)
  An orc wizard (Orc:1)
1 creature vanquished.

Vanquished Creatures (others)
  47 fungi
  143 plants
190 creatures vanquished.

Grand Total: 591 creatures vanquished

Notes
Turn   | Place    | Note
-------+----------+-------------------------------------------
     0 | D:1      | DarkShadow the Minotaur Fighter began the quest for the
                  | Orb.
     0 | D:1      | Reached XP level 1. HP: 19/19 MP: 0/0
   134 | D:1      | Reached XP level 2. HP: 27/27 MP: 1/1
   553 | D:1      | Reached XP level 3. HP: 25/33 MP: 2/2
  1472 | D:2      | Reached XP level 4. HP: 36/40 MP: 3/3
  1772 | D:2      | Reached skill level 5 in Shields
  1772 | D:2      | Reached XP level 5. HP: 46/46 MP: 4/4
  1911 | D:2      | Found a blossoming altar of Fedhas.
  1933 | D:2      | Noticed an oklob plant
  2382 | D:3      | Found a sacrificial altar of Ru.
  2392 | D:3      | Found a shadowy altar of Dithmenos.
  2392 | D:3      | Found a basalt altar of Yredelemnul.
  2519 | D:3      | Reached skill level 1 in Dodging
  3072 | D:4      | Found a transporter.
  3080 | D:4      | Noticed stripedtigrrr's ghost (weakling GnWn)
  3081 | D:4      | Found a one-way gate to the infinite horrors of the Abyss.
  3094 | D:4      | Found a transporter.
  3119 | D:4      | You fall into a shaft and drop 2 floors!
  3471 | D:6      | Found a staircase to the Ecumenical Temple.
  3524 | D:6      | Reached skill level 5 in Armour
  3688 | D:6      | Reached XP level 6. HP: 52/52 MP: 5/5
  3797 | D:5      | Entered Level 5 of the Dungeon
  3935 | D:5      | Found a stormy altar of Qazlal.
  3986 | D:5      | Reached skill level 5 in Axes
  4125 | D:5      | Noticed Blork the orc
  4135 | D:5      | Killed Blork the orc
  4220 | D:5      | Identified the +3 ring mail of Good Intentions {Int+3}
  4408 | D:4      | Found a snail-covered altar of Cheibriados.
  4512 | D:4      | Reached XP level 7. HP: 55/60 MP: 6/6
  4880 | D:4      | Noticed a toenail golem
  5318 | D:5      | Noticed Eustachio
  5336 | D:4      | Killed Eustachio
  5523 | D:5      | Noticed Menkaure
  5528 | D:5      | Killed Menkaure
  5529 | D:5      | Reached skill level 5 in Fighting
  5755 | D:5      | Noticed Pikel
  5761 | D:5      | Killed Pikel
  5762 | D:5      | Reached skill level 1 in Stealth
  5762 | D:5      | Reached XP level 8. HP: 48/69 MP: 7/7
  5913 | D:5      | Found a hide-covered altar of Uskayaw.
  6838 | D:6      | Found a broken altar of Ashenzari.
  7517 | D:7      | Reached XP level 9. HP: 57/75 MP: 8/8
  8400 | D:8      | Identified the amulet of Doubts {Acrobat Slay+2}
  8858 | D:8      | Reached skill level 10 in Axes
  9357 | D:9      | Reached skill level 5 in Dodging
  9404 | D:9      | Reached XP level 10. HP: 77/86 MP: 9/9
  9482 | D:9      | Reached skill level 10 in Shields
  9503 | D:9      | Found a staircase to the Lair.
  9632 | D:9      | Gained mutation: Your muscles are strong. (Str +2) [potion
                  | of mutation]
  9632 | D:9      | Gained mutation: You are agile. (Dex +2) [potion of
                  | mutation]
  9632 | D:9      | Gained mutation: Your system is resistant to poisons.
                  | (rPois) [potion of mutation]
 10176 | D:9      | Noticed a two-headed ogre
 10191 | D:9      | Killed a two-headed ogre
 10431 | D:10     | Entered Level 10 of the Dungeon
 10822 | D:10     | Found Ojuet's Antique Armour Boutique.
 10833 | D:10     | Reached XP level 11. HP: 90/94 MP: 10/10
 10958 | D:10     | Noticed Josephine
 10982 | D:11     | Found a staircase to the Orcish Mines.
 15675 | D:10     | Killed Josephine
 16835 | D:11     | Noticed a two-headed ogre
 17140 | D:11     | Noticed a two-headed ogre
 17156 | D:11     | Killed a two-headed ogre
 17345 | D:11     | Killed a two-headed ogre
 17737 | Orc:1    | Entered Level 1 of the Orcish Mines
 17954 | Orc:1    | Noticed an orc knight
 18006 | Orc:1    | Killed an orc knight
 18830 | Orc:2    | Entered Level 2 of the Orcish Mines
 19114 | Orc:1    | Found a burning altar of Makhleb.
 19478 | Orc:2    | Noticed an orc knight
 19842 | Orc:2    | Killed an orc knight
 20101 | Orc:2    | Noticed an orc sorcerer
 20102 | Orc:2    | Noticed an orc knight
 20126 | Orc:2    | Killed an orc sorcerer
 20127 | Orc:2    | Reached XP level 12. HP: 101/106 MP: 11/11
 20773 | Orc:2    | Noticed an orc high priest
 20774 | Orc:2    | Noticed an orc warlord
 20923 | Orc:1    | Killed an orc warlord
 20924 | Orc:1    | Reached skill level 10 in Fighting
 21264 | Orc:2    | Killed an orc high priest
 21384 | Orc:2    | Reached skill level 15 in Axes
 21441 | Orc:2    | Paralysed by an orc sorcerer for 2 turns
 21445 | Orc:2    | Noticed an orc high priest
 21451 | Orc:2    | Killed an orc high priest
 21526 | Orc:2    | Noticed an orc high priest
 21945 | Orc:2    | Killed an orc high priest
 22122 | Orc:2    | Paralysed by an orc sorcerer for 4 turns
 22568 | Orc:2    | Reached skill level 15 in Shields
 22664 | Orc:2    | Paralysed by an orc sorcerer for 2 turns
 22809 | Orc:2    | Found Hacaboch's Antique Armour Shop.
 22810 | Orc:2    | Found Fenk's Antique Weapon Boutique.
 22812 | Orc:2    | Found Roes's General Store.
 22812 | Orc:2    | Found Jepnaen's Jewellery Shop.
 22979 | Orc:2    | Found a staircase to the Elven Halls.
 23125 | Orc:2    | Noticed a two-headed ogre
 23133 | Orc:2    | Killed a two-headed ogre
 23837 | D:12     | You fall into a shaft and drop 2 floors!
 23837 | D:14     | Found Rig Hukk's Antique Weapon Emporium.
 23888 | D:14     | Found a white marble altar of Elyvilon.
 23906 | D:14     | Noticed Agnes
 23916 | D:14     | HP: 2/108 [Agnes/+0 lajatang of speed (24)]
 23917 | D:14     | Mangled by Agnes

Illustrated notes

Levels and vault maps discovered:
D:1:      roderic_crop_circles_arrival_small, layout_basic, serial_corexii_hall,
          corexii_hall_statues_t, corexii_hall_statues_t,
          corexii_hall_statues_l, chequers_hall_statues_wall_a,
          nrook_mini_vaults
D:2:      layout_basic, tgw_fedhas, kennysheep_generic_room_12
D:3:      layout_rooms, grunt_temple_overflow_open, minmay_circle_x
D:4:      layout_loops_corners, nicolae_overflow_crystal_walls,
          gammafunk_ghost_abyssal_escape
D:5:      layout_gridville, grunt_qazlal_sundering, amcnicky_altar_gilded,
          uniq_menkaure, uniq_pikel, uniq_blork_the_orc, uniq_eustachio
D:6:      layout_basic, lemuel_doored_altar, minmay_temple_entry_stoned_glass
D:7:      layout_cave_pools
D:8:      layout_loops_ring, minmay_manual_mares
D:9:      layout_gridville, due_lair_maze_entry_diamond
D:10:     layout_layer_cave, serial_shops,
          nicolae_shop_competitors_out_of_business, uniq_josephine
D:11:     layout_rooms, orc_0_dummy
D:12:     kennysheep_bubbly, layout_basic
D:14:     layout_loops_ring, serial_shops, shop, elyvilon_altar_5,
          minmay_door_square, drop_trap, uniq_agnes, uniq_rupert
Orc:1:    layout_diamond_mine, basic_altar, bloody_makhleb
Orc:2:    st_orc_congregation, layout_diamond_mine

Skill      XL: |  1  2  3  4  5  6  7  8  9 10 11 12 |
---------------+-------------------------------------+-----
Fighting       | 4 5 6 7 9 10 | 10.7
Shields        | 4 5 6 9 11 13 15 | 15.6
Armour         | 4 5 6 7 9 |  9.4
Axes           | 3 4 5 8 9 11 13 14 15 | 15.6
Dodging        | 1 2 3 5 6 7 |  7.9
Stealth        | 1 2 3 |  3.4

Action                   |  1- 3 |  4- 6 |  7- 9 | 10-12 || total
-------------------------+-------+-------+-------+-------++-------
Melee: War axe           |   167 |   144 |   208 |   582 ||  1101
       Headbutt          |    47 |    31 |    44 |   180 ||   302
  Use: Scroll            |       |     6 |     9 |    14 ||    29
       Potion            |       |       |       |     4 ||     4
Armor: Scale mail        |    34 |    46 |     1 |       ||    81
       Ring mail         |       |       |    50 |    71 ||   121
Dodge: Dodged            |    33 |    37 |   124 |   290 ||   484
Block: Kite shield       |    77 |    84 |   134 |   366 ||   661

Table legend: (Time is in decaauts)
 A = Elapsed time spent in this place.
 B = Non-inter-level travel time spent in this place.
 C = Inter-level travel time spent in this place.
 D = Time resting spent in this place.
 E = Time spent auto-exploring this place.
 F = Levels seen in this place.
 G = Mean time per level.
                   A        B        C        D        E       F      G
               +--------+--------+--------+--------+--------+-----+--------+
         Total |  24102 |  24058 |     44 |  10653 |   4884 |  15 | 1606.8 |
       Dungeon |  18169 |  18127 |     42 |   7529 |   4234 |  13 | 1397.6 |
  Orcish Mines |   5932 |   5930 |      2 |   3124 |    650 |   2 | 2966.0 |
               +--------+--------+--------+--------+--------+-----+--------+

Top non-repeatable levels by time:
    D:11: 5456 daAuts
   Orc:1: 3576 daAuts
   Orc:2: 2356 daAuts
    D:10: 1894 daAuts
     D:6: 1651 daAuts
     D:5: 1389 daAuts
     D:4: 1327 daAuts
     D:9: 1300 daAuts
     D:2: 1246 daAuts
     D:1: 1106 daAuts
     D:8: 985 daAuts
     D:3: 830 daAuts
     D:7: 820 daAuts
    D:12: 89 daAuts
    D:14: 71 daAuts
